 Dungeon Crawl Stone Soup version 0.20-a0-760-g49f5558 (webtiles) character file.

29 polly the Slasher (level 3, 28/28 HPs)
             Began as a Demonspawn Gladiator on Feb 25, 2017.
             Quit the game on level 2 of the Dungeon.
             The game lasted 00:00:41 (974 turns).

polly the Slasher (Demonspawn Gladiator)             Turns: 974, Time: 00:00:42

Health: 28/28      AC:  6    Str: 15    XL:     3   Next: 1%
Magic:  3/3        EV: 13    Int:  9    God:
Gold:   50         SH:  0    Dex: 14    Spells: 2/2 levels left

rFire    . . .     SeeInvis .   a - +0 long sword
rCold    . . .     Gourm    .   b - +0 leather armour
rNeg     . . .     Faith    .   (no shield)
rPois    .         Spirit   .   c - +0 helmet
rElec    .         Reflect  .   (no cloak)
rCorr    .         Harm     .   (no gloves)
MR       .....                  (no boots)
Stlth    +.........             (no amulet)
Regen    0.1/turn               (no ring)
MPRegen  0.1/turn               (no ring)

@: no status effects
A: yellow scales 1, demonic guardian 1
a: no special abilities


You were on level 2 of the Dungeon.
You were not hungry.

You visited 1 branch of the dungeon, and saw 2 of its levels.

You collected 50 gold pieces.

Inventory:

Hand Weapons
 a - a +0 long sword (weapon)
Missiles
 d - 3 throwing nets (quivered)
Armour
 b - a +0 leather armour (worn)
 c - a +0 helmet (worn)
Scrolls
 e - a scroll of remove curse {unknown}
 h - a scroll of random uselessness {unknown}
 i - a scroll of enchant armour {unknown}
 k - a scroll of teleportation {unknown}
 l - a scroll of identify {unknown}
 n - a scroll of amnesia {unknown}
 o - a scroll of recharging {unknown}
Potions
 j - a potion of might {unknown}
 m - a potion of curing {unknown}
 p - a potion of agility {unknown}
Comestibles
 f - 2 bread rations
 g - a fruit


   Skills:
 + Level 2.3 Fighting
 + Level 3.2 Long Blades
 + Level 2.0 Throwing
 + Level 0.1 Armour
 + Level 2.9 Dodging


You had 2 spell levels left.
You didn't know any spells.

Dungeon Overview and Level Annotations

Branches:
Dungeon (2/15)

Altars:
Kikubaaqudgha


Innate Abilities, Weirdness & Mutations

You are partially covered in yellow scales. (AC +2)
A weak demonic guardian rushes to your aid.


Message History

Found a scroll labeled UFOMIK TUTYWORCH.
You miss the bat. The bat hits you. The bat hits you but does no damage.
The bat hits you.
You hit the bat.
The bat is severely wounded.
The bat closely misses you. The bat barely misses you.
The bat hits you but does no damage. The bat hits you.
The bat barely misses you.
You riposte.
You slash the bat!
You kill the bat!
No target in view!
No target in view!
No target in view!
No target in view!
No target in view!
o - a scroll labeled UFOMIK TUTYWORCH HP restored.
p - a coppery potion Are you sure you want to abandon this character and quit the game? (Confirm with "yes".)

#.##.####.##...####+#
#.##................#
#.##........##.########
#..'........##.........
####........##.........
#........##.........
#........##.........
#........##..............
..........##.@...........
...[.########............
#.....# #...........#
#..... ......#.#...#
##.##.##.#...# .. .#
#...# #. .# #<..# ## .#
#...# # #.<.## #


There were no monsters in sight!

Vanquished Creatures
  2 leopard geckos
  5 goblins
  4 hobgoblins
  A ball python (D:1)
  6 bats
  2 frilled lizards (D:1)
  3 kobolds (D:1)
  2 rats (D:1)
25 creatures vanquished.

Notes
Turn   | Place    | Note
-------+----------+-------------------------------------------
     0 | D:1      | polly the Demonspawn Gladiator began the quest for the Orb.
     0 | D:1      | Reached XP level 1. HP: 16/16 MP: 1/1
   134 | D:1      | Gained mutation: A weak demonic guardian rushes to your aid. [demonic ancestry]
   134 | D:1      | Reached XP level 2. HP: 21/22 MP: 2/2
   138 | D:1      | Reached skill level 3 in Long Blades
   808 | D:2      | Found an ancient bone altar of Kikubaaqudgha.
   887 | D:2      | Gained mutation: You are partially covered in yellow scales. (AC +2) [demonic ancestry]
   887 | D:2      | Reached XP level 3. HP: 28/28 MP: 3/3
   974 | D:2      | Quit the game

Vault maps used:
D:1:      saegor_arrival_miasma, hangedman_decor_points, minmay_misc_feat_alley,
          serial_park_tiny_1, hex_medium, fountainhead
D:2:      old_standard_altar, overflow_temple_1_default, uniq_jessica

Skill      XL: |  1  2 |
---------------+-------+-----
Long Blades    | 3 |  3.2
Throwing       | 2 |  2.0
Fighting       | |  2.3
Armour         | |  0.1
Dodging        | |  2.9

Action                   || total
-------------------------++-------
Melee: Long sword        ||    48
Armor: Leather armour    ||    14
Dodge: Dodged            ||    45
       Rpst.: Long sword ||    18
